 Dungeon Crawl Stone Soup version 0.22-a0-422-g9628fc8 (webtiles) character file.

46 Borgoz the Ruffian (level 3, -2/30 HPs)
             Began as a Ghoul Gladiator on May 21, 2018.
             Slain by a gnoll
             ... wielding a +0 halberd
              (4 damage)
             ... on level 2 of the Dungeon.
             The game lasted 00:01:52 (1065 turns).

Borgoz the Ruffian (Ghoul Gladiator)                Turns: 1065, Time: 00:01:52

Health: -2/30      AC:  4    Str: 17    XL:     3   Next: 68%
Magic:  2/2        EV: 12    Int:  3    God:
Gold:   118        SH:  0    Dex: 11    Spells: 2/2 levels left

rFire    . . .     SeeInvis .     - Unarmed
rCold    + . .     Gourm    .   (no shield)
rNeg     + + +     Faith    .   a - +0 leather armour
rPois    ∞         Spirit   .   b - +0 helmet
rElec    .         Reflect  .   (no cloak)
rCorr    .         Harm     .   (no gloves)
MR       .....     Rnd*Tele +   (no boots)
Stlth    +.........             (no amulet)
HPRegen  0.00/turn              f - ring of teleportation (curse)
MPRegen  0.08/turn              (no ring)

@: rotting
A: rotting body, claws 1, carnivore, cold resistance 1, negative energy
resistance 3, inhibited regeneration, torment resistance, unbreathing
a: no special abilities


You were on level 2 of the Dungeon.
You were not hungry.

You visited 1 branch of the dungeon, and saw 2 of its levels.

You collected 118 gold pieces.

Inventory:

Missiles
 c - 3 throwing nets (quivered)
Armour
 a - a +0 leather armour (worn)
 b - a +0 helmet (worn)
Jewellery
 f - a cursed ring of teleportation (left claw)
 h - an uncursed ring of wizardry {unknown}
Scrolls
 e - 3 scrolls of remove curse {unknown}
 g - a scroll of magic mapping {unknown}
 k - 2 scrolls of fear {unknown}
 o - a scroll of random uselessness {unknown}
Potions
 j - a potion of degeneration {unknown}
 l - a potion of heal wounds {unknown}
 m - a potion of agility {unknown}
 n - 2 potions of curing {unknown}
Comestibles
 d - 2 rations
 i - 7 chunks of flesh


   Skills:
 + Level 2.6 Fighting
 - Level 1.7 Throwing
 * Level 1.4 Armour
 * Level 3.2 Dodging
 + Level 3.6 Unarmed Combat


You had 2 spell levels left.
You didn't know any spells.
Your spell library was empty.

Dungeon Overview and Level Annotations

Branches:
Dungeon (2/15)

Altars:
Trog
The Shining One


Innate Abilities, Weirdness & Mutations

Your body is rotting away.
You thrive on raw meat.
You are immune to poison.
You have sharp fingernails.
You are carnivorous and can eat meat at any time.
Your flesh is cold resistant. (rC+)
You are immune to negative energy. (rN+++)
You do not regenerate when monsters are visible.
You are immune to unholy pain and torment.
You can survive without breathing.


Message History

The slug dart hits you!
You see here a throwing net.
You struggle against the net.
You tear a large gash into the net.
The gnoll hits you. The orc barely misses you.
You shred the net and break free! The gnoll hits you but does no damage.
The frilled lizard bites you. The orc closely misses you.
A quokka comes into view.
The gnoll hits you but does no damage.
Found 3 gold pieces.
The gnoll hits you.
* * * LOW HITPOINT WARNING * * *
A giant cockroach comes into view.
The gnoll closely misses you.
There is a stone staircase leading down here.
The gnoll hits you.
* * * LOW HITPOINT WARNING * * *
The frilled lizard misses you.
The gnoll hits you from afar with a halberd.
You die...

... #s# #.# ..
#.#+###...
#.....$....
#..........
#..........
#@.r...... .g
#glw....###.#.
##o.g.g........
#..g.........#
#........_...#
#........8...#
#........_...#
#...........##
#.........#.#


You could see 4 gnolls, a dart slug, an orc, a quokka, a giant cockroach and a
frilled lizard.

Vanquished Creatures
  An adder (D:2)
  3 dart slugs (D:1)
  A leopard gecko (D:2)
  A giant cockroach (D:1)
  2 hobgoblins (D:1)
  2 jackals (D:1)
  7 kobolds (D:1)
  A quokka (D:2)
  A ball python (D:1)
  4 bats (D:1)
  2 frilled lizards (D:1)
  3 goblins
  A rat (D:2)
29 creatures vanquished.

Notes
Turn   | Place    | Note
-------+----------+-------------------------------------------
     0 | D:1      | Borgoz the Ghoul Gladiator began the quest for the Orb.
     0 | D:1      | Reached XP level 1. HP: 17/17 MP: 0/0
   221 | D:1      | Reached XP level 2. HP: 21/25 MP: 1/1
   395 | D:1      | Reached skill level 1 in Armour
   598 | D:1      | Reached XP level 3. HP: 28/30 MP: 2/2
  1054 | D:2      | Found a glowing golden altar of the Shining One.
  1054 | D:2      | Found a bloodstained altar of Trog.
  1065 | D:2      | Slain by a gnoll

Vault maps used:
D:1:      dpeg_arrival_orchard, grunt_decor_fettered
D:2:      overflow_temple_1_default, chequers_temple_overflow_statue_of_worship

Skill      XL: |  1  2 |
---------------+-------+-----
Dodging        | 3 |  3.2
Armour         | 1 |  1.4
Fighting       | |  2.6
Throwing       | |  1.7
Unarmed Combat | |  3.6

Action                   || total
-------------------------++-------
Melee: Unarmed           ||   122
  Eat: Chunk             ||    11
Armor: Leather armour    ||    35
Dodge: Dodged            ||    78

Table legend:
 A = Spawn XP
 B = Non-spawn XP
 C = Spawn XP percentage of total XP
 D = Spawn monster count
 E = Non-spawn monster count
 F = Spawn count percentage of total count
 G = Total turns spent on level
                    A         B        C        D         E        F      G
               +---------+---------+-------+---------+---------+-------+---------
         Total |       0 |      67 |   0.0 |       0 |      29 |   0.0 |  1065
               +---------+---------+-------+---------+---------+-------+---------
           D:1 |       0 |      46 |   0.0 |       0 |      24 |   0.0 |   961
           D:2 |       0 |      21 |   0.0 |       0 |       5 |   0.0 |   104
               +---------+---------+-------+---------+---------+-------+---------
